 Dungeon Crawl Stone Soup version 0.28.0-45-g0d030f2227 (webtiles) character file.

Game seed: 11348597292869390934

226 joshe the Magician (level 5, -4/28 HPs)
             Began as a Deep Elf Necromancer on Apr 23, 2022.
             Killed by divine providence
             ... invoked by an orc priest
              (16 damage)
             ... on level 4 of the Dungeon on Apr 24, 2022.
             The game lasted 00:23:01 (3729 turns).

joshe the Magician (Deep Elf Necromancer)           Turns: 3729, Time: 00:23:01

Health: -4/28      AC:  9    Str:  5    XL:     5   Next: 69%
Magic:  6/16       EV: 12    Int: 22    God:
Gold:   120        SH:  0    Dex: 15    Spells: 4/17 levels left

rFire   . . .      SeeInvis .   l - +0 dagger
rCold   . . .      Faith    .   (no shield)
rNeg    + . .      Spirit   .   a - +0 robe
rPois   .          Reflect  .   i - +1 helmet
rElec   .          Harm     .   j - +0 cloak
rCorr   .          Rampage  .   (no gloves)
Will    .....                   (no boots)
Stlth   ++........              (no amulet)
HPRegen 0.09/turn               k - ring of positive energy
MPRegen 0.15/turn               s - +4 ring of protection

@: no status effects
A: no striking features
a: no special abilities


You were on level 4 of the Dungeon.
You visited 1 branch of the dungeon, and saw 4 of its levels.

You collected 120 gold pieces.

Inventory:

Hand Weapons
 l - a +0 dagger (weapon)
Missiles
 d - 5 datura-tipped darts
Armour
 a - a +0 robe (worn)
 i - a +1 helmet (worn)
 j - a +0 cloak (worn)
Jewellery
 e - a +6 ring of strength
 k - a ring of positive energy (left hand)
 s - a +4 ring of protection (right hand)
Wands
 m - a wand of iceblast (9)
Scrolls
 c - a scroll of identify {unknown}
 f - a scroll of fog {unknown}
 g - a scroll of teleportation {unknown}
 p - 2 scrolls of noise {unknown}
Potions
 b - a potion of curing {unknown}
 h - 3 potions of heal wounds {unknown}
 n - 2 potions of attraction {unknown}
 o - a potion of magic {unknown}
 q - a potion of degeneration {unknown}
 r - 2 potions of lignification {unknown}


   Skills:
 - Level 2.4 Dodging
 - Level 2.4 Stealth
 + Level 6.7 Spellcasting
 - Level 6.0 Necromancy
 + Level 1.6 Evocations


You had 4 spell levels left.
You knew the following spells:

 Your Spells              Type           Power      Damage    Failure   Level
a - Pain                  Necr           100%       1d9       1%          1
b - Animate Skeleton      Necr           66%        N/A       1%          1
c - Vampiric Draining     Necr           33%        2d8       2%          3
d - Animate Dead          Necr           16%        N/A       7%          4
e - Dispel Undead         Necr           33%        3d14      7%          4

Your spell library contained the following spells:

 Spells                   Type           Power      Damage    Failure   Level
 Static Discharge         Conj/Air       7%         N/A       13%         2
 Sticky Flame             Conj/Fire      7%         2d3       63%         4
 Agony                    Necr           33%        N/A       21%         5


Dungeon Overview and Level Annotations

Branches:
Dungeon (4/15)
 Temple: D:4-7

Altars:

Shops:
D:1 *

Annotations:
D:3 1 runed translucent door, ShadowYui's ghost, amateur HuIE
D:4 Blork the orc


Message History

Aiming: Pain (safe; 1% risk of failure)
Press: ? - help, Shift-Dir - straight line, f/p - hobgoblin
Aim: a hobgoblin (almost dead, chance to affect: 93%)
The hobgoblin writhes in agony.
You kill the hobgoblin!
An orc priest comes into view. It is wielding a +0 flail.
Casting: Pain (safe; 1% risk of failure)
Confirm with . or Enter, or press ? or * to list all spells.
The spell is quite dangerous to miscast (7% risk of failure)!
Continue anyway?
Aiming: Dispel Undead (quite dangerous; 7% risk of failure)
Press: ? - help, Shift-Dir - straight line, f - hound skeleton
Aim: a hound skeleton (100% to hit)
The hound skeleton is dispelled!!
The orc priest shouts!
The hound skeleton barely misses you.
Blork the orc comes into view.
He is wielding a +0 trident.
Casting: Dispel Undead (quite dangerous; 7% risk of failure)
Confirm with . or Enter, or press ? or * to list all spells.
Okay, then.
The hound skeleton closely misses you.
The quokka bites you but does no damage.
A rat comes into view.
Blork the orc gestures wildly while chanting.
Blork the orc seems to speed up.
Casting: Dispel Undead (quite dangerous; 7% risk of failure)
Confirm with . or Enter, or press ? or * to list all spells.
Aiming: Pain (safe; 1% risk of failure)
Press: ? - help, Shift-Dir - straight line, f - quokka, p - hound skeleton
Aim: a quokka (chance to affect: 93%)
The quokka barely resists.
The quokka closely misses you.
The quokka twitches its whiskers.
The quokka barely misses you.
The orc priest mumbles some strange prayers to Beogh against you.
Beogh smites you!
Blork the orc screams, "I'll drink your blood!
Soon!"
You see here a +0 dagger.
The orc priest invokes the aid of Beogh against you.
Beogh smites you!
Ouch! That really hurt!
You die...

..... .... # ..#. .
.> ...# ## .#......
#.. #..# ≈##+...#.
... #..# ≈≈#..o. #..#
#..# ≈#..# ##.#.##..#
### ##!..# ..
#.##.###.####....# ##
#.###.#..@r..roZo##.#
#.# ..###.###)#######
.# #.##.##.## #... .)
#<#.#.## ##### .#.
##..)## .... ##.## ##
## #.# #.# #..


You could see Blork the orc (fast), an orc priest, a quokka, a rat and a hound
skeleton.

Vanquished Creatures
  A scorpion (D:3)
  A hound (D:1)
  An orc wizard (D:4)
  4 adders
  An adder skeleton (D:4)
  A worm (D:3)
  2 orcs (D:4)
  9 ball pythons
  4 bats
  7 endoplasms
  2 giant cockroaches
  13 goblins
  5 hobgoblins
  4 jackals (D:1)
  4 quokkas
  3 frilled lizards
  A kobold (D:1)
  7 rats
70 creatures vanquished.

Vanquished Creatures (collateral kills)
  A bat (D:2)
1 creature vanquished.

Grand Total: 71 creatures vanquished

Notes
Turn   | Place    | Note
-------+----------+-------------------------------------------
     0 | D:1      | joshe the Deep Elf Necromancer began the quest for the Orb.
     0 | D:1      | Reached XP level 1. HP: 10/10 MP: 6/6
   140 | D:1      | Found Wufel's General Store.
   274 | D:1      | Learned a level 1 spell: Animate Skeleton
   315 | D:1      | Reached skill level 5 in Necromancy
   371 | D:1      | Reached XP level 2. HP: 7/15 MP: 0/8
  1029 | D:1      | Found a faded altar of an unknown god.
  1756 | D:2      | Reached XP level 3. HP: 18/19 MP: 7/9
  1761 | D:2      | Learned a level 3 spell: Vampiric Draining
  2054 | D:2      | Reached XP level 4. HP: 24/24 MP: 7/12
  2280 | D:2      | Reached skill level 5 in Spellcasting
  3019 | D:3      | Noticed a scorpion
  3022 | D:3      | Killed a scorpion
  3023 | D:3      | Reached XP level 5. HP: 27/28 MP: 12/15
  3028 | D:3      | Learned a level 4 spell: Animate Dead
  3033 | D:3      | Learned a level 4 spell: Dispel Undead
  3181 | D:3      | Found a runed translucent door.
  3184 | D:3      | Noticed ShadowYui's ghost (amateur HuIE)
  3570 | D:4      | Reached skill level 1 in Evocations
  3720 | D:4      | Noticed Blork the orc
  3729 | D:4      | Killed from afar by an orc priest

Illustrated notes

Levels and vault maps discovered:
D:1:      roderic_octagonal_star, layout_basic, ebering_ecumenical_altar_hall,
          serial_shops, nicolae_diamond_shop, palyth_stone_intersect,
          nicolae_figureground_sparkle
D:2:      layout_loops_ring
D:3:      layout_loops_ring, ebering_ghost_sewer_d
D:4:      layout_loops_ring, elyvilon_altar_5, gammafunk_ghost_arena,
          gup_sewer_entry_bowl, uniq_blork_the_orc, uniq_natasha, uniq_sigmund

Skill      XL: |  1  2  3  4  5 |
---------------+----------------+-----
Necromancy     | 5 6 |  6.0
Spellcasting   | 4 6 |  6.7
Evocations     | 1 |  1.6
Dodging        | |  2.4
Stealth        | |  2.4

Action                   |  1- 3 |  4- 6 || total
-------------------------+-------+-------++-------
 Cast: Pain              |    47 |    59 ||   106
       Animate Skeleton  |     3 |       ||     3
       Vampiric Draining |     2 |     3 ||     5
       Dispel Undead     |       |     3 ||     3
Evoke: Wand              |       |     1 ||     1
Armor: Robe              |     1 |     3 ||     4
Dodge: Dodged            |     4 |     6 ||    10
